 Dungeon Crawl Stone Soup version 0.21.1-1-g345015fe64 (webtiles) character file.

186 P0NYSLAYSTATION the Skirmisher (level 5, -1/47 HPs)
             Began as a Hill Orc Monk on June 15, 2018.
             Slain by a bullfrog (4 damage)
             ... on level 7 of the Dungeon.
             The game lasted 00:09:08 (1964 turns).

P0NYSLAYSTATION the Skirmisher (Hill Orc Monk)      Turns: 1964, Time: 00:09:09

Health: -1/47      AC:  5    Str: 15    XL:     5   Next: 66%
Magic:  5/5        EV: 12    Int: 10    God:
Gold:   70         SH:  0    Dex: 16    Spells: 4/4 levels left

rFire    . . .     SeeInvis .   a - +1 falchion
rCold    . . .     Gourm    .   (no shield)
rNeg     . . .     Faith    .   e - +0 ring mail
rPois    .         Spirit   .   (no helmet)
rElec    .         Reflect  .   (no cloak)
rCorr    .         Harm     .   (no gloves)
MR       .....                  (no boots)
Stlth    +.........             (no amulet)
HPRegen  0.15/turn              d - +3 ring of dexterity
MPRegen  0.09/turn              (no ring)

@: no status effects
A: no striking features
a: no special abilities


You were on level 7 of the Dungeon.
You were not hungry.

You visited 1 branch of the dungeon, and saw 7 of its levels.
You also visited: Ossuary.

You collected 70 gold pieces.

Inventory:

Hand Weapons
 a - a +1 falchion (weapon)
Armour
 b - a +0 robe
 e - a +0 ring mail (worn)
Jewellery
 d - a +3 ring of dexterity (left hand)
Comestibles
 c - a ration


   Skills:
 + Level 4.8 Fighting
 + Level 4.7 Long Blades
 * Level 2.0 Armour
 + Level 3.0 Dodging
 + Level 2.1 Stealth


You had 4 spell levels left.
You didn't know any spells.

Dungeon Overview and Level Annotations

Branches:
Dungeon (7/15)
 Temple: D:4-7

Altars:

Annotations:
D:7 Prince Ribbit


Message History

The gnoll misses you. The bullfrog barely misses you.
The bullfrog zombie hits you.
The shadow imp lashes its tail.
A quokka and a zombie come into view.
The bullfrog hits you but does no damage.
The adder bites you but does no damage.
The bullfrog zombie hits you but does no damage.
There is a stone staircase leading down here.
The bullfrog hits you!
* * * LOW HITPOINT WARNING * * *
The gnoll completely misses you. The adder barely misses you.
The bullfrog zombie hits you.
* * * LOW HITPOINT WARNING * * *
You climb downwards.
Prince Ribbit comes into view.
Prince Ribbit gives a loud, deep croak!
Found a dagger.
There is a stone staircase leading up here.
The bullfrog hits you.
You die...

##### #....
#######....
#........#
#....FS.#
#.F@#
#)...#
#.....#
#..###..#
#.# #..# ##
..# ##


You could see Prince Ribbit, a bullfrog and an adder.

Vanquished Creatures
  A bullfrog (D:3)
  A human zombie (Ossuary)
  A hound skeleton (D:4)
  A mummy (Ossuary)
  A gnoll (D:2)
  4 adders
  A worm zombie (D:4)
  3 leopard geckos
  An orc (D:4)
  3 giant cockroaches
  A goblin (D:1)
  A hobgoblin (D:3)
  A kobold (D:1)
  A frilled lizard (D:5)
  A rat (D:2)
  A rat zombie (D:4)
  2 plants (D:2)
25 creatures vanquished.

Vanquished Creatures (others)
  An orc (D:3)
  A quokka (D:3)
2 creatures vanquished.

Grand Total: 27 creatures vanquished

Notes
Turn   | Place    | Note
-------+----------+-------------------------------------------
     0 | D:1      | P0NYSLAYSTATION the Hill Orc Monk began the quest for the Orb.
     0 | D:1      | Reached XP level 1. HP: 19/19 MP: 1/1
    83 | D:1      | Reached XP level 2. HP: 17/27 MP: 2/2
   510 | D:1      | Reached XP level 3. HP: 19/33 MP: 3/3
   988 | D:3      | Noticed a bullfrog
   997 | D:3      | Killed a bullfrog
   997 | D:3      | Reached skill level 1 in Armour
   997 | D:3      | Reached XP level 4. HP: 13/41 MP: 4/4
  1287 | D:4      | Reached XP level 5. HP: 46/47 MP: 5/5
  1301 | D:4      | Found a sand-covered staircase.
  1333 | Ossuary  | Entered an ossuary
  1392 | D:4      | HP: 2/47 [orc (2)]
  1399 | D:4      | HP: 2/47 [orc (1)]
  1697 | D:5      | Entered Level 5 of the Dungeon
  1704 | D:5      | Noticed a phantom
  1941 | D:6      | Noticed a phantom
  1963 | D:7      | Noticed Prince Ribbit
  1964 | D:7      | Slain by a bullfrog

Skill      XL: |  1  2  3  4  5 |
---------------+----------------+-----
Fighting       | 4 |  4.8
Long Blades    | 4 |  4.7
Armour         | 1 2 |  2.0
Stealth        | 2 |  2.1
Dodging        | 3 |  3.0

Action                   |  1- 3 |  4- 6 || total
-------------------------+-------+-------++-------
Melee: Falchion          |   138 |    95 ||   233
  Use: Scroll            |     2 |     2 ||     4
 Stab: Sleeping          |     2 |     1 ||     3
  Eat: Chunk             |     1 |     1 ||     2
       Ration            |       |     1 ||     1
Armor: Robe              |     1 |       ||     1
       Ring mail         |     3 |    22 ||    25
Dodge: Dodged            |    26 |    52 ||    78
       Rpst.: Falchion   |     7 |    15 ||    22
